 Dungeon Crawl Stone Soup version 0.22-a0-307-g2b15929 (webtiles) character file.

121700 Amnesiac the Stormcaller (level 16, -1/136 HPs)
             Began as a Barachi Air Elementalist on Apr 1, 2018.
             Was an Elder of Sif Muna.
             Slain by an Ice Fiend (15 damage)
             ... in an ice cave.
             The game lasted 01:23:47 (46894 turns).

Amnesiac the Stormcaller (BaAE)                    Turns: 46894, Time: 01:23:47

Health: -1/136     AC: 23    Str: 13    XL:     16   Next: 85%
Magic:  0/42       EV: 18    Int: 21    God:    Sif Muna [****..]
Gold:   2846       SH:  6    Dex: 13    Spells: 7/42 levels left

rFire    . . .     SeeInvis .   a - staff of air
rCold    + . .     Gourm    .   K - +1 buckler {rC+}
rNeg     . . .     Faith    .   h - +0 swamp dragon scales
rPois    +         Spirit   +   Q - +1 helmet
rElec    +         Reflect  .   A - +2 cloak {MR+}
rCorr    .         Harm     .   y - +1 pair of gloves of Vehumet's Esteem {rElec Str+2 Slay+3}
MR       ++...                  O - +2 pair of boots {Fly}
Stlth    +.........             g - amulet of guardian spirit
HPRegen  0.32/turn              v - +6 ring of protection
MPRegen  0.28/turn              t - ring of magical power

@: flying, divine energy, slow
A: +LOS, swims, slowness 1, strong legs 2
a: Hop, Stop Divine Energy, Channel Magic, Forget Spell, Renounce Religion, Stop
Flying


You were in an ice cave.
You worshipped Sif Muna.
Sif Muna was greatly pleased with you.
You were hungry.

You visited 7 branches of the dungeon, and saw 29 of its levels.
You also visited: Labyrinth, Bailey and Ice Cave.

You collected 3028 gold pieces.
You spent 182 gold pieces at shops.

Inventory:

Hand Weapons
 b - a +2 scimitar of flaming
 w - a +0 blowgun
Armour
 h - +0 swamp dragon scales (worn)
 y - the +1 pair of gloves of Vehumet's Esteem (worn) {rElec Str+2 Slay+3}
   (You found it on level 4 of the Dungeon)

   It affects your strength (+2).
   It affects your accuracy and damage with ranged weapons and melee attacks
   (+3).
   It insulates you from electricity.
 A - a +2 cloak of magic resistance (worn)
 J - +0 acid dragon scales
 K - a +1 buckler of cold resistance (worn)
 O - a +2 pair of boots of flying (worn)
 P - a scarf of cloud immunity
 Q - a +1 helmet (worn)
 S - a +1 robe of cold resistance
Magical Staves
 a - an uncursed staff of air (weapon)
Jewellery
 e - an uncursed ring of wizardry
 g - an amulet of guardian spirit (around neck)
 q - an uncursed ring of poison resistance
 t - a ring of magical power (right hand)
 v - a +6 ring of protection (left hand)
 F - an uncursed ring of ice
Wands
 C - a wand of digging (15)
Scrolls
 f - a scroll of identify {!r}
 l - 13 scrolls of teleportation {!r}
 m - a scroll of fear {!r}
 n - 5 scrolls of enchant weapon {!r}
 s - 6 scrolls of amnesia {!r}
 z - 4 scrolls of remove curse {!r}
 D - 2 scrolls of magic mapping {!r}
 E - 4 scrolls of blinking {!r}
 G - a scroll of enchant armour {!r}
 T - a scroll of acquirement {!r}
Potions
 d - 3 potions of agility {!q}
 i - 2 potions of haste {!q}
 j - a potion of berserk rage {!q}
 k - a potion of brilliance {!q}
 p - 3 potions of mutation {!q}
 r - 5 potions of heal wounds {!q}
 u - 12 potions of curing {!q}
 x - 3 potions of might {!q}
 H - a potion of lignification {!q}
 I - a potion of resistance {!q}
 L - 3 potions of cancellation {!q}
 M - a potion of magic {!q}
Comestibles
 c - 30 rations


   Skills:
 - Level 15.0 Fighting
 - Level 15.0 Dodging
 - Level 1.7 Stealth
 - Level 4.0 Shields
 + Level 13.6 Spellcasting
 - Level 1.1 Conjurations
 - Level 17.0 Air Magic
 - Level 8.0 Invocations


You had 7 spell levels left.
You knew the following spells:

 Your Spells              Type           Power        Failure   Level  Hunger
a - Airstrike             Air            #######...   1%          4    None
b - Passwall              Tmut/Erth      ##........   14%         2    None
c - Confusing Touch       Hex            ##....       10%         1    None
d - Lightning Bolt        Conj/Air       ######....   6%          5    ###....
e - Mephitic Cloud        Conj/Pois/Air  ######..     2%          3    None
f - Conjure Ball Lightni  Conj/Air       ######....   34%         6    #####..
g - Deflect Missiles      Chrm/Air       ######....   41%         6    #####..
s - Summon Lightning Spi  Summ/Air       ######..     3%          4    None
v - Blink                 Tloc           N/A          14%         2    None
z - Swiftness             Chrm/Air       ######..     1%          2    None


Dungeon Overview and Level Annotations

Branches:
Dungeon (15/15)            Temple (1/1) D:7            Lair (6/6) D:11
  Swamp (3/4) Lair:4        Snake (1/4) Lair:4        Slime (0/5) Lair:5
    Orc (2/2) D:10            Elf (1/3) Orc:2        Vaults (0/5) D:14
 Depths (0/5) D:15

Altars:
Ashenzari
Cheibriados
Dithmenos
Elyvilon
Fedhas
Gozag
Hepliaklqana
Kikubaaqudgha
Makhleb
Nemelex Xobeh
Okawaru
Qazlal
Ru
Sif Muna
Trog
Uskayaw
Vehumet
Wu Jian
Xom
Yredelemnul
Zin
The Shining One
Jiyva

Shops:
D:4 =   D:6 :   D:14 :   Orc:1 (   Orc:2 %}?(


Innate Abilities, Weirdness & Mutations

Shadows flee at your approach. (+LOS)
You can swim through water.
You cover ground slowly.
You can hop long distances.


Message History

There is an open door here.
You are feeling hungry.
There is an open door here.
There is an open door here.
There is an open door here.
You reach down and open the door.
An Ice Fiend comes into view.
The Ice Fiend moves out of view.
Found five items.
Casting: Airstrike (safe; 1% risk of failure)
Confirm with . or Enter, or press ? or * to list all spells.
Aiming: Airstrike (safe; 1% risk of failure)
Press: ? - help, Dir - move target cursor, f - Ice Fiend
Aim: an Ice Fiend You feel a surge of power!
The air twists around and violently strikes the Ice Fiend!
The Ice Fiend is moderately wounded.
Casting: Airstrike (safe; 1% risk of failure)
Confirm with . or Enter, or press ? or * to list all spells.
Aiming: Airstrike (safe; 1% risk of failure)
Press: ? - help, Dir - move target cursor, f/p - Ice Fiend
Aim: an Ice Fiend (moderately wounded)
You feel a surge of power!
The air twists around and violently strikes the Ice Fiend!
The Ice Fiend is moderately wounded.
The Ice Fiend calls on the powers of darkness!
Your body is wracked with pain!
Casting: Airstrike (safe; 1% risk of failure)
Confirm with . or Enter, or press ? or * to list all spells.
Aiming: Airstrike (safe; 1% risk of failure)
Press: ? - help, Dir - move target cursor, f/p - Ice Fiend
Aim: an Ice Fiend (moderately wounded)
You feel a surge of power!
The air twists around and violently strikes the Ice Fiend!
The Ice Fiend is heavily wounded.
The Ice Fiend claws you but does no damage.
You block the Ice Fiend's attack.
Casting: Airstrike (safe; 1% risk of failure)
Confirm with . or Enter, or press ? or * to list all spells.
Aiming: Airstrike (safe; 1% risk of failure)
Press: ? - help, Dir - move target cursor, f/p - Ice Fiend
Aim: an Ice Fiend (heavily wounded)
You feel a surge of power!
The air twists around and violently strikes the Ice Fiend!
The Ice Fiend is severely wounded.
The Ice Fiend calls on the powers of darkness!
Your body is wracked with pain!
* * * LOW HITPOINT WARNING * * *
Casting: Airstrike (safe; 1% risk of failure)
Confirm with . or Enter, or press ? or * to list all spells.
Aiming: Airstrike (safe; 1% risk of failure)
Press: ? - help, Dir - move target cursor, f/p - Ice Fiend
Aim: an Ice Fiend (severely wounded)
You feel a surge of power!
The air twists around and violently strikes the Ice Fiend!
The Ice Fiend is severely wounded.
The Ice Fiend claws you!
* * * LOW HITPOINT WARNING * * *
The Ice Fiend freezes you!! You resist.
* * * LOW HITPOINT WARNING * * *
The Ice Fiend claws you.
* * * LOW HITPOINT WARNING * * *
The Ice Fiend freezes you! You resist.
You die...

#############
#.'.......'.#
#.#########.###
##.#.#.#.#.#...#
######8.#'#'#'#'###.#
#..1@...#.......'.#.'
#.#####.#.8.8.8.#####
##.# #.#............
#8.')⌠?#.'............
##^#)))#.#............
#.#####.#.8.8.8!#####
#.......#.......'.#.'
######8.#'#'#'#'###.#
##.#.#.#.#.#...#


You could see an Ice Fiend.

Vanquished Creatures
  A tentacled monstrosity (Swamp:3)
  Donald (Swamp:1)
  A frost giant (D:12)
  An orc warlord (Orc:1)
  A minotaur (Lab)
  The ghost of Tungsten the Nimble, a journeyman TeVM of Ashenzari (Lair:6)
  Josephine (Orc:1)
  Fannar (Lair:2)
  Harold (Lair:4)
  10 hydras
  A catoblepas (D:13)
  A ghost crab (Swamp:2)
  An ogre mage (D:14)
  4 two-headed ogres
  3 alligators
  Erica (Orc:1)
  2 centaur warriors
  A dancing weapon (Elf:1)
  A tengu warrior (D:15)
  4 orc high priests
  Urug (D:10)
  A hell knight (D:12)
  A skeletal warrior (D:14)
  An unseen horror (shapeshifter) (D:12)
  6 swamp dragons
  2 deep elf archers
  An unseen horror (D:11)
  A wizard (D:15)
  A spriggan druid (Swamp:3)
  A shambling mangrove (Swamp:2)
  A necromancer (D:15)
  5 orc knights
  Pikel (D:7)
  5 orc sorcerers
  6 ugly things
  8 deep elf magi
  9 elephants
  3 cyclopes
  2 ice statues (IceCv)
  4 black mambas
  Maurice (D:13)
  23 spiny frogs
  8 centaur skeletons
  A kobold demonologist (D:14)
  An efreet (D:15)
  2 rime drakes
  10 ice devils (IceCv)
  A minotaur skeleton (Lab)
  2 yaktaurs
  An anaconda simulacrum (IceCv)
  11 komodo dragons
  A golden dragon simulacrum (IceCv)
  3 meliai (D:13)
  4 tyrant leeches
  9 trolls
  Grinder (D:5)
  10 hornets
  3 polar bears
  18 slime creatures
  5 bog bodies
  4 hippogriffs
  19 blink frogs
  2 dream sheep (Lair:6)
  A centaur simulacrum (D:15)
  5 dire elephant simulacra (IceCv)
  14 spriggans
  5 wraiths
  4 wyverns
  A shadow (Swamp:3)
  36 yaks
  3 hogs (D:7)
  A human (D:7)
  2 basilisks
  2 steam dragons (D:10)
  4 wargs
  13 insubstantial wisps
  16 vampire mosquitoes
  10 swamp worms
  4 nagas (Lair:4)
  2 iron troll simulacra (IceCv)
  An acid dragon (D:15)
  A hydra simulacrum (IceCv)
  7 porcupines
  11 water moccasins
  A sky beast (D:8)
  4 swamp drakes (Swamp:1)
  A black bear (shapeshifter) (D:15)
  6 black bears
  5 eyes of draining
  32 orc warriors
  2 phantoms
  3 ice beasts
  11 ogres
  15 wolves
  5 boggarts (Lair:6)
  12 crocodiles
  2 centaurs
  11 big kobolds
  18 bullfrogs
  A gnoll sergeant (D:6)
  A wyvern skeleton (D:14)
  4 scorpions
  8 killer bees
  8 wights
  2 howler monkeys
  7 crimson imps
  A bullfrog zombie (D:8)
  A troll skeleton (Lab)
  6 hounds
  3 jellies
  4 centaur zombies
  16 orc wizards
  A gnoll shaman (D:8)
  21 orc priests
  Crazy Yiuf (D:2)
  Jessica (D:2)
  3 bullfrog skeletons
  3 iguanas
  13 worker ants
  A hound skeleton (D:2)
  13 adders
  15 gnolls
  A howler monkey skeleton (D:6)
  6 shadow imps
  An adder skeleton (D:6)
  9 worms
  A dart slug (D:3)
  5 leopard geckos
  56 orcs
  7 giant cockroaches
  14 goblins
  9 hobgoblins
  10 jackals
  8 quokkas
  A ball python zombie (D:5)
  8 bats
  2 frilled lizards
  A jackal skeleton (D:6)
  73 kobolds
  A quokka skeleton (D:4)
  A quokka zombie (D:5)
  8 rats
  A butterfly (D:6)
866 creatures vanquished.

Vanquished Creatures (collateral kills)
  3 death yaks
  A wizard (D:15)
  A wolf spider zombie (D:15)
  An orc sorcerer (Orc:2)
  An orc knight (Orc:1)
  7 ugly things
  A centaur skeleton (D:15)
  A komodo dragon (Lair:1)
  2 ice devils (IceCv)
  A polar bear (Lair:6)
  A tyrant leech (Lair:4)
  A meliai zombie (D:15)
  A slime creature (Lair:4)
  A hippogriff (D:15)
  A blink frog (Lair:6)
  A spriggan (Lair:6)
  A wyvern (D:12)
  A yak (Lair:4)
  2 orc warriors
  A wolf (Lair:6)
  An adder (Lair:1)
31 creatures vanquished.

Vanquished Creatures (others)
  4 ball lightnings (D:15)
  2 slime creatures (D:15)
  An orc (D:5)
  32 fungi
  27 plants
66 creatures vanquished.

Grand Total: 963 creatures vanquished

Notes
Turn   | Place    | Note
-------+----------+-------------------------------------------
     0 | D:1      | Amnesiac the Barachi Air Elementalist began the quest for the Orb.
     0 | D:1      | Reached XP level 1. HP: 13/13 MP: 3/3
   149 | D:1      | Reached XP level 2. HP: 19/19 MP: 0/5
   478 | D:1      | Learned a level 2 spell: Swiftness
   490 | D:1      | Reached XP level 3. HP: 21/24 MP: 3/7
   681 | D:1      | Reached skill level 4 in Air Magic
  1055 | D:2      | Noticed Jessica
  1064 | D:2      | Noticed a bullfrog
  1071 | D:2      | Killed Jessica
  1071 | D:2      | Reached XP level 4. HP: 24/30 MP: 3/9
  1082 | D:2      | Learned a level 4 spell: Airstrike
  1197 | D:2      | Killed a bullfrog
  1197 | D:2      | Reached XP level 5. HP: 35/35 MP: 0/12
  1562 | D:2      | Reached skill level 5 in Spellcasting
  2027 | D:2      | Found a sacrificial altar of Ru.
  2045 | D:2      | Reached skill level 5 in Air Magic
  2154 | D:2      | Reached XP level 6. HP: 38/41 MP: 10/13
  2249 | D:2      | Found a runed door.
  2437 | D:2      | Noticed Crazy Yiuf
  2440 | D:2      | Killed Crazy Yiuf
  2771 | D:3      | Found a faded altar of an unknown god.
  2903 | D:3      | Found a glowing silver altar of Zin.
  2903 | D:3      | Noticed an angel
  3109 | D:4      | Found Piesaama's Jewellery Shoppe.
  3583 | D:4      | Reached skill level 6 in Air Magic
  3825 | D:4      | Found a hide-covered altar of Uskayaw.
  3825 | D:4      | Found a shimmering altar of Xom.
  3917 | D:4      | Got a pair of fine gloves
  3923 | D:4      | Identified the +1 pair of gloves of Vehumet's Esteem {rElec Str+2 Slay+3} (You found it on level 4 of the Dungeon)
  4323 | D:5      | Entered Level 5 of the Dungeon
  4328 | D:5      | Noticed Grinder
  4353 | D:5      | Reached XP level 7. HP: 18/46 MP: 0/14
  4422 | D:5      | Killed Grinder
  4422 | D:5      | Reached skill level 7 in Air Magic
  4430 | D:5      | Reached skill level 8 in Air Magic
  4728 | D:5      | Reached skill level 1 in Fighting
  4859 | D:5      | Reached XP level 8. HP: 57/57 MP: 1/15
  5631 | D:6      | Reached skill level 5 in Dodging
  5790 | D:6      | Learned a level 2 spell: Passwall
  6814 | D:6      | Reached XP level 9. HP: 66/66 MP: 4/17
  7015 | D:6      | Found Lucaciq's Book Shop.
  7370 | D:6      | Reached skill level 5 in Fighting
  8032 | D:7      | Noticed Pikel
  8032 | D:7      | Paralysed by Pikel for 6 turns
  8042 | D:7      | Killed Pikel
  8092 | D:7      | Found a staircase to the Ecumenical Temple.
  8119 | Temple   | Entered the Ecumenical Temple
  8319 | Temple   | Became a worshipper of Sif Muna the Loreminder
  8618 | D:3      | Reached XP level 10. HP: 77/77 MP: 21/21
  8969 | D:3      | Reached * piety under Sif Muna
  9431 | D:7      | Identified the Almanac of Conjuration and the Entourage
  9439 | D:7      | Reached skill level 9 in Air Magic
  9850 | D:8      | Reached ** piety under Sif Muna
 10215 | D:9      | Reached skill level 10 in Air Magic
 10373 | D:9      | Found a flagged portal.
 10388 | Bailey   | Entered a bailey
 10460 | Bailey   | Noticed an orc knight
 10462 | Bailey   | Learned a level 1 spell: Confusing Touch
 10484 | Bailey   | Killed an orc knight
 10484 | Bailey   | Reached *** piety under Sif Muna
 10773 | Bailey   | Noticed an orc knight
 10989 | Bailey   | Killed an orc knight
 10989 | Bailey   | Reached skill level 11 in Air Magic
 10989 | Bailey   | Reached XP level 11. HP: 78/83 MP: 0/24
 11001 | Bailey   | Got a smoking scale mail
 11062 | Bailey   | Identified the +1 scale mail of Trumpets {+Blink Dex-5 Slay+2 SInv} (You took it off a gnoll in a bailey)
 11550 | D:10     | Entered Level 10 of the Dungeon
 11607 | D:10     | Found a staircase to the Orcish Mines.
 11792 | D:10     | Noticed Urug
 12178 | D:10     | Found an opulent altar of Gozag.
 12218 | D:10     | Killed Urug
 12218 | D:10     | Reached skill level 12 in Air Magic
 12347 | Orc:1    | Entered Level 1 of the Orcish Mines
 12347 | Orc:1    | Noticed an orc high priest
 12355 | Orc:1    | Killed an orc high priest
 12355 | Orc:1    | Reached **** piety under Sif Muna
 12355 | Orc:1    | Reached skill level 10 in Spellcasting
 13451 | D:10     | Reached skill level 13 in Air Magic
 13791 | Orc:1    | Noticed Josephine
 14029 | Orc:1    | Killed Josephine
 14303 | Orc:1    | Reached ***** piety under Sif Muna
 14303 | Orc:1    | Reached skill level 14 in Air Magic
 14318 | Orc:1    | Reached XP level 12. HP: 89/89 MP: 0/26
 14462 | Orc:1    | Noticed Erica
 14468 | Orc:1    | Killed Erica
 14468 | Orc:1    | Received a gift from Sif Muna
 14475 | Orc:1    | Learned a level 4 spell: Summon Lightning Spire
 14854 | Orc:1    | Found Fidi's Weapon Shop.
 15008 | Orc:2    | Entered Level 2 of the Orcish Mines
 15275 | Orc:2    | Noticed a two-headed ogre
 15371 | Orc:2    | Killed a two-headed ogre
 15371 | Orc:2    | Reached skill level 15 in Air Magic
 15667 | Orc:2    | Noticed an orc warlord
 16565 | Orc:1    | Killed an orc warlord
 16786 | Orc:2    | Learned a level 5 spell: Lightning Bolt
 16828 | Orc:2    | Found a staircase to the Elven Halls.
 17065 | Orc:2    | Found Huty's Antique Weapon Boutique.
 17076 | Orc:2    | Noticed an orc high priest
 17076 | Orc:2    | Noticed an orc high priest
 17079 | Orc:2    | Noticed a sun demon
 17085 | Orc:2    | Killed an orc high priest
 17248 | Orc:2    | Reached skill level 16 in Air Magic
 17500 | Orc:2    | Killed an orc high priest
 17500 | Orc:2    | Identified Sif Muna's Tome of Captivating Confrontation (Sif Muna gifted it to you on level 2 of the Orcish Mines)
 17500 | Orc:2    | Received a gift from Sif Muna
 17506 | Orc:2    | Learned a level 3 spell: Mephitic Cloud
 17513 | Orc:2    | Learned a level 6 spell: Conjure Ball Lightning
 17910 | Orc:2    | Noticed an orc high priest
 17915 | Orc:2    | Killed an orc high priest
 18246 | Orc:2    | Reached skill level 17 in Air Magic
 18303 | Orc:2    | Reached skill level 1 in Invocations
 18303 | Orc:2    | Gained mutation: You can hop long distances. [Barachi growth]
 18303 | Orc:2    | Reached XP level 13. HP: 94/94 MP: 0/27
 18445 | Orc:2    | Found Paothyja's Food Boutique.
 18549 | Orc:2    | Found Jitaza Udug's Magic Scroll Shoppe.
 18553 | Orc:2    | Found Idug Ugu's Gadget Shoppe.
 18567 | Orc:2    | Bought a scroll of magic mapping for 49 gold pieces
 18567 | Orc:2    | Bought a scroll of identify for 28 gold pieces
 18570 | Orc:2    | Bought a scroll of blinking for 105 gold pieces
 18723 | Elf:1    | Entered Level 1 of the Elven Halls
 19146 | D:11     | Found a staircase to the Lair.
 19443 | D:11     | Reached skill level 5 in Invocations
 20146 | D:12     | Noticed a frost giant
 20256 | D:12     | Found a bloodstained altar of Trog.
 21205 | D:12     | Found an iron altar of Okawaru.
 22005 | D:13     | Noticed Maurice
 22018 | D:13     | Killed Maurice
 23309 | D:14     | Found the cursed necklace of Bloodlust {*Rage +Rage MR++ Int-3 Slay+6 *Curse}
 23315 | D:14     | Identified a scroll of acquirement {!r}
 23667 | D:14     | Found Beqipt's Book Shop.
 24038 | D:14     | Reached XP level 14. HP: 97/108 MP: 5/28
 24305 | D:14     | Identified Sif Muna's Reference Book on the Lucky Frostbite (Sif Muna gifted it to you on level 14 of the Dungeon)
 24305 | D:14     | Received a gift from Sif Muna
 24329 | D:14     | Learned a level 6 spell: Deflect Missiles
 24677 | D:14     | Found a gate to the Vaults.
 24831 | D:15     | Entered Level 15 of the Dungeon
 26674 | D:15     | Found a staircase to the Depths.
 27121 | D:12     | Killed a frost giant
 27262 | Lair:1   | Entered Level 1 of the Lair of Beasts
 28493 | Lair:1   | Found a hide-covered altar of Uskayaw.
 28872 | Lair:2   | Noticed Fannar
 28882 | Lair:2   | Killed Fannar
 29054 | Lair:2   | Reached skill level 10 in Fighting
 29359 | Lair:2   | Reached skill level 10 in Dodging
 29755 | Lair:2   | Reached XP level 15. HP: 105/117 MP: 0/32
 32875 | Lair:4   | Found a staircase to the Swamp.
 32895 | Lair:4   | Identified Sif Muna's Collected Works on Boosts and Displacement (Sif Muna gifted it to you on level 4 of the Lair of Beasts)
 32895 | Lair:4   | Received a gift from Sif Muna
 33116 | Lair:4   | Found a staircase to the Snake Pit.
 33133 | Lair:4   | Noticed Harold
 33140 | Lair:4   | Killed Harold
 33487 | Lair:5   | Found a staircase to the Slime Pits.
 33487 | Lair:5   | Found a viscous altar of Jiyva.
 34544 | Lair:6   | Entered Level 6 of the Lair of Beasts
 34544 | Lair:6   | Found a labyrinth entrance.
 34730 | Lab      | Entered a labyrinth
 35155 | Lab      | Identified Medghulao's Tome of Displacement
 35160 | Lab      | Learned a level 2 spell: Blink
 35756 | Lair:6   | Noticed Tungsten's ghost (journeyman TeVM)
 35759 | Lair:6   | Killed Tungsten's ghost
 37523 | Lair:6   | Got a brightly glowing hunting sling
 38297 | Swamp:1  | Entered Level 1 of the Swamp
 38316 | Lair:4   | Identified the +5 hunting sling "Lacertilianbane" {venom, rPois rC- Str+4} (You found it on level 6 of the Lair of Beasts)
 38814 | Snake:1  | Entered Level 1 of the Snake Pit
 39148 | Lair:4   | Reached XP level 16. HP: 87/130 MP: 5/33
 40928 | Swamp:1  | Noticed Donald
 40937 | Swamp:1  | Killed Donald
 41195 | Swamp:1  | Identified the Almanac of Creative Orientation
 42457 | Swamp:2  | Reached skill level 15 in Dodging
 44159 | Swamp:3  | Noticed a tentacled monstrosity
 44213 | Swamp:3  | Killed a tentacled monstrosity
 44292 | Swamp:3  | Reached skill level 15 in Fighting
 44343 | Swamp:3  | Found a frozen archway.
 44371 | IceCv    | Entered an ice cave
 46885 | IceCv    | Noticed an Ice Fiend
 46886 | IceCv    | Found the +4 arc blade {discharge, rElec}
 46886 | IceCv    | Found the +9 sword of Zonguldrok {reap}
 46894 | IceCv    | Slain by an Ice Fiend

Vault maps used:
D:1:      dpeg_arrival_lava_temple_mockup
D:2:      marbit_many_paths, first_ration, uniq_jessica, uniq_crazy_yiuf_cottage
D:3:      minmay_goblin_kobold_castle, zin_angel,
          chequers_ecumenical_altar_simple_redux
D:4:      gammafunk_temple_overflow_pools, kennysheep_windowed_goal
D:5:      hangedman_glass_garden, uniq_grinder
D:6:      serial_shops, shop
D:7:      minmay_temple_entry_hall, grunt_livestock, uniq_pikel
D:9:      enter_bailey_3
D:10:     kennysheep_steamy, orc_0_dummy, grunt_gozag_breadcrumbs, uniq_urug
D:11:     lair_entry_dummy, kennysheep_path_1
D:12:     jmf_multi_god_temple
D:13:     uniq_maurice
D:14:     hangedman_vaults_entry_quadrant_bands,
          hangedman_abyss_or_decor_clamps, serial_shops, nicolae_shop_stone
D:15:     grunt_enter_depths_magical_seal, nrook_mini_backslash,
          hangedman_abyss_or_decor_lesser_grid, minmay_misc_feat_pillars
Temple:   eino_narrow_crystal_temple
Lair:1:   minmay_lair_venomous_thicket, basic_altar
Lair:2:   minivault_25, beast_lair_carwin_1, grunt_megastairs_1, uniq_fannar
Lair:3:   grunt_megastairs_2
Lair:4:   swamp_mist, minmay_snake_entry_guardpost_large, uniq_harold
Lair:5:   slime_altar_1
Lair:6:   minmay_lair_end_enchanted_forest, lab_entry_generic, wad_woods_road_05
Swamp:1:  hangedman_swamp_pad, uniq_donald
Swamp:2:  serial_swamp_ruin, hangedman_swamp_ruin_wall,
          evilmike_swamp_ruin_house_4
Swamp:3:  portal_ice_cave_entry_pillars_four, nicolae_swamp_godswood
Orc:1:    serial_shops, shop, uniq_josephine, uniq_erica
Orc:2:    st_orc_elflike
Elf:1:    hangedman_elven_crosses_minicolossus,
          minmay_checkered_concentric_circles
Lab:      nicolae_lab_dead_adventurers, labyrinth_lava_lair,
          nicolae_lab_hexagon, nicolae_lab_starburst, nicolae_lab_lava,
          nicolae_lab_stuck
Bailey:   bailey_axe_1, bailey
IceCv:    ice_cave_tombish

Skill      XL: |  1  2  3  4  5  6  7  8  9 10 11 12 13 14 15 16 |
---------------+-------------------------------------------------+-----
Spellcasting   | 3 4 5 7 9 10 13 | 13.6
Air Magic      | 4 5 6 8 11 14 17 | 17.0
Fighting       | 2 4 6 9 10 13 15 | 15.0
Dodging        | 4 6 9 10 13 15 | 15.0
Invocations    | 1 8 |  8.0
Shields        | 4 |  4.0
Stealth        | |  1.7
Conjurations   | |  1.1

Action                   |  1- 3 |  4- 6 |  7- 9 | 10-12 | 13-15 | 16-18 || total
-------------------------+-------+-------+-------+-------+-------+-------++-------
Melee: Unarmed           |    30 |       |    10 |    26 |       |       ||    66
       Dagger            |       |     7 |    84 |       |       |       ||    91
       Scimitar          |       |       |    54 |    94 |   124 |       ||   272
       Staff             |       |       |       |       |    23 |    60 ||    83
 Cast: Shock             |    58 |   122 |       |       |       |       ||   180
       Airstrike         |       |    20 |   107 |   550 |  1045 |   489 ||  2211
       Swiftness         |       |       |       |     5 |     1 |       ||     6
       Confusing Touch   |       |       |       |     2 |       |       ||     2
       Summon Lightning  |       |       |       |     8 |    23 |     5 ||    36
       Mephitic Cloud    |       |       |       |       |     3 |       ||     3
       Conjure Ball Ligh |       |       |       |       |     2 |       ||     2
       Deflect Missiles  |       |       |       |       |     2 |       ||     2
       Passwall          |       |       |       |       |     7 |       ||     7
       Blink             |       |       |       |       |     3 |       ||     3
Invok: Divine Energy     |       |       |       |     1 |       |       ||     1
       Channel Magic     |       |       |       |       |     4 |     7 ||    11
 Abil: Hop               |     1 |       |     1 |     5 |     7 |     4 ||    18
  Use: Scroll            |       |     9 |       |     7 |    19 |     2 ||    37
       Potion            |       |       |     3 |     1 |     7 |       ||    11
 Stab: Sleeping          |       |     1 |       |       |       |       ||     1
       Distracted        |       |       |       |       |       |     1 ||     1
  Eat: Chunk             |     1 |    11 |    28 |    69 |    94 |     9 ||   212
       Ration            |       |     1 |     3 |       |     1 |     4 ||     9
Armor: Robe              |    10 |     9 |    46 |   122 |   235 |    16 ||   438
       Skin              |       |       |    11 |     3 |       |       ||    14
       Leather armour    |       |       |       |    61 |       |       ||    61
       Swamp dragon scal |       |       |       |       |       |   115 ||   115
Dodge: Dodged            |    49 |    41 |   130 |   469 |   467 |   228 ||  1384
       Deflected         |       |       |       |       |     8 |       ||     8
Block: Other             |       |       |    11 |       |       |       ||    11
       Reflection        |       |       |     1 |       |       |       ||     1
       Buckler           |       |       |       |       |    99 |    88 ||   187
       Rpst.: Scimitar   |       |       |    20 |    64 |    93 |       ||   177

Table legend:
 A = Spawn XP
 B = Non-spawn XP
 C = Spawn XP percentage of total XP
 D = Spawn monster count
 E = Non-spawn monster count
 F = Spawn count percentage of total count
 G = Total turns spent on level
                    A         B        C        D         E        F      G
               +---------+---------+-------+---------+---------+-------+---------
         Total |       0 |  173858 |   0.0 |       0 |     896 |   0.0 | 46894
               +---------+---------+-------+---------+---------+-------+---------
           D:1 |       0 |      50 |   0.0 |       0 |      26 |   0.0 |  1015
           D:2 |       0 |     312 |   0.0 |       0 |      31 |   0.0 |  1462
           D:3 |       0 |     781 |   0.0 |       0 |      69 |   0.0 |  1243
           D:4 |       0 |     196 |   0.0 |       0 |      11 |   0.0 |  1281
           D:5 |       0 |     918 |   0.0 |       0 |      23 |   0.0 |  1658
           D:6 |       0 |    1177 |   0.0 |       0 |      32 |   0.0 |  1615
           D:7 |       0 |    2329 |   0.0 |       0 |      19 |   0.0 |  1065
           D:8 |       0 |     952 |   0.0 |       0 |      24 |   0.0 |   551
           D:9 |       0 |    2498 |   0.0 |       0 |      26 |   0.0 |   740
          D:10 |       0 |    3960 |   0.0 |       0 |      33 |   0.0 |  2596
          D:11 |       0 |    2764 |   0.0 |       0 |      15 |   0.0 |  1245
          D:12 |       0 |    4408 |   0.0 |       0 |      25 |   0.0 |  1678
          D:13 |       0 |    4274 |   0.0 |       0 |      12 |   0.0 |  1164
          D:14 |       0 |   12647 |   0.0 |       0 |      36 |   0.0 |  2290
          D:15 |       0 |   14622 |   0.0 |       0 |      47 |   0.0 |  2212
        Lair:1 |       0 |    6988 |   0.0 |       0 |      35 |   0.0 |  1553
        Lair:2 |       0 |   12191 |   0.0 |       0 |      37 |   0.0 |  1593
        Lair:3 |       0 |    3693 |   0.0 |       0 |      14 |   0.0 |  1331
        Lair:4 |       0 |    7930 |   0.0 |       0 |      32 |   0.0 |  2690
        Lair:5 |       0 |    5620 |   0.0 |       0 |      19 |   0.0 |  1549
        Lair:6 |       0 |   16604 |   0.0 |       0 |      71 |   0.0 |  2814
       Swamp:1 |       0 |   14165 |   0.0 |       0 |      37 |   0.0 |  2424
       Swamp:2 |       0 |   15037 |   0.0 |       0 |      39 |   0.0 |  1863
       Swamp:3 |       0 |    8700 |   0.0 |       0 |      23 |   0.0 |   385
       Snake:1 |       0 |     468 |   0.0 |       0 |       1 |   0.0 |   121
         Orc:1 |       0 |    9131 |   0.0 |       0 |      61 |   0.0 |  2726
         Orc:2 |       0 |    8997 |   0.0 |       0 |      36 |   0.0 |  2058
         Elf:1 |       0 |    2157 |   0.0 |       0 |       3 |   0.0 |    60
           Lab |       0 |    1709 |   0.0 |       0 |       3 |   0.0 |   469
        Bailey |       0 |    1635 |   0.0 |       0 |      32 |   0.0 |   704
         IceCv |       0 |    6945 |   0.0 |       0 |      24 |   0.0 |  2523
               +---------+---------+-------+---------+---------+-------+---------
